 Dungeon Crawl Stone Soup version 0.17.0-15-g6d90897 (webtiles) character file.

69 Sheev the Bolt Thrower (level 4, 0/33 HPs)
             Began as a Formicid Hunter on Nov 10, 2015.
             Succumbed to an adder's poison
             ... on level 2 of the Dungeon.
             The game lasted 00:08:03 (2417 turns).

Sheev the Bolt Thrower (Formicid Hunter)            Turns: 2417, Time: 00:08:03

Health: 0/33       AC:  4    Str: 16    XL:     4   Next: 42%
Magic:  4/4        EV: 11    Int: 11    God:
Gold:   82         SH:  0    Dex: 12    Spells: 0 memorised, 3 levels left

rFire  . . .     SeeInvis +     a - +2 hand crossbow
rCold  . . .     Clarity  .     d - +0 leather armour
rNeg   . . .     SustAt   .     (no shield)
rPois  .         Gourm    .     (helmet unavailable)
rElec  .         Spirit   .     (no cloak)
rCorr  .         Warding  .     r - +0 pair of gloves
rMut   .         Stasis   +     (no boots)
MR     .....                    (no amulet)
Stlth  ++........               (no ring)
                                j - ring of stealth

@: lethally poisoned (0 -> -14), not resistant to hostile enchantments,
unstealthy
A: permanent stasis, dig shafts and tunnels, four strong arms, antennae 3
a: Dig, Shaft Self


You were on level 2 of the Dungeon.
You were not hungry.

You visited 1 branch of the dungeon, and saw 2 of its levels.

You collected 82 gold pieces.

Inventory:

Hand Weapons
 a - a +2 hand crossbow (weapon)
 b - a +0 short sword
Missiles
 c - 35 bolts (quivered)
Armour
 d - a +0 leather armour (worn)
 r - a +0 pair of gloves (worn)
Jewellery
 j - a ring of stealth (left hand)
Scrolls
 f - 2 scrolls of remove curse
 h - a scroll of fear {unknown}
 i - a scroll of blinking {unknown}
 k - 3 scrolls of identify
 n - a scroll of enchant weapon
 p - a scroll of teleportation
Comestibles
 e - 2 bread rations
 m - a fruit
 o - a beef jerky
 s - 9 chunks of flesh


   Skills:
 - Level 2.1 Fighting
 + Level 5.6 Crossbows
 - Level 1.7 Dodging
 - Level 1.2 Stealth


You had 3 spell levels left.
You didn't know any spells.

Dungeon Overview and Level Annotations

Branches:
Dungeon (2/15)

Altars:
Okawaru


Innate Abilities, Weirdness & Mutations

You are under a permanent stasis effect.
You can dig through walls and to a lower floor.
Your four strong arms can wield two-handed weapons with a shield.
You have a pair of large antennae on your head (SInv).


Message History

You feel sick.
As you read the scroll labeled XATUIPL QAMNI, it crumbles to dust.
You feel a strange sense of stasis.
It was a scroll of teleportation.
* * * LOW HITPOINT WARNING * * *
You feel sick.
As you read the scroll labeled IXKOKI RYNEQA, it crumbles to dust.
It is a scroll of enchant weapon.
Enchant which weapon? (? for menu, Esc to quit)
Your +1 hand crossbow glows red for a moment.
* * * LOW HITPOINT WARNING * * *
You feel sick.
As you read the scroll labeled GAPHEA ACORGHAC, it crumbles to dust.
You experience a momentary feeling of inescapable doom!
It was a scroll of random uselessness.
* * * LOW HITPOINT WARNING * * *
You feel sick.
As you read the scroll labeled DUC TIODEINA, it crumbles to dust.
You hear a loud clanging noise!
It was a scroll of noise.
You die...

#.#.# #
##.#.## #
#.....# #
#..#.## #
#..#.# #
#..#.#####.#
#..#........
#.....######
#.@........
#(#...#####
#.........#
#...........
#.#.........#
#.####...####
# #...# ....


There were no monsters in sight!

Vanquished Creatures
  4 adders (D:2)
  A worm (D:2)
  A giant gecko (D:2)
  A giant cockroach (D:1)
  6 hobgoblins
  4 jackals (D:2)
  2 bats (D:2)
  2 giant newts (D:1)
  A goblin (D:1)
  5 kobolds
  4 rats
31 creatures vanquished.

Notes
Turn   | Place    | Note
--------------------------------------------------------------
     0 | D:1      | Sheev the Formicid Hunter began the quest for the Orb.
     0 | D:1      | Reached XP level 1. HP: 16/16 MP: 1/1
  1057 | D:1      | Reached XP level 2. HP: 12/22 MP: 2/2
  1385 | D:2      | Found an iron altar of Okawaru.
  1556 | D:2      | Reached XP level 3. HP: 19/27 MP: 3/3
  1667 | D:2      | Reached skill level 5 in Crossbows
  2302 | D:2      | Reached XP level 4. HP: 33/33 MP: 4/4
  2417 | D:2      | Succumbed to an adder's poison

Action                   |  1- 3 |  4- 6 || total
-------------------------+-------+-------++-------
Melee: Short sword       |    93 |    28 ||   121
 Fire: Hand crossbow     |     7 |     1 ||     8
  Use: Potion            |     1 |       ||     1
       Scroll            |       |     5 ||     5
 Stab: Sleeping          |     3 |     1 ||     4
  Eat: Chunk             |     4 |     1 ||     5
